 Dungeon Crawl Stone Soup version 0.31.0-9-g3a7656b989 (webtiles) character file.

Game seed: 10441367343002199722

26 qw the Shooter (level 2, -1/14 HPs)
             Began as a Spriggan Hunter on Feb 2, 2024.
             Succumbed to their own poison gas
             ... on level 1 of the Dungeon.
             The game lasted 00:00:02 (993 turns).

qw the Shooter (Spriggan Hunter)                     Turns: 993, Time: 00:00:03

Health: -1/14      AC:  2    Str:  7    XL:     2   Next: 89%
Magic:  3/3        EV: 19    Int: 10    God:
Gold:   22         SH:  0    Dex: 18    Spells: 1/1 levels left

rFire   . . .        a - +0 shortbow
rCold   . . .        (shield currently unavailable)
rNeg    . . .        c - +0 robe
rPois   .            (helmet restricted)
rElec   .            (no cloak)
rCorr   .            (gloves unavailable)
SInv    +            (boots unavailable)
Will    .....        (no amulet)
Stlth   ++           (no ring)
HPRegen 0.22/turn    (no ring)
MPRegen 0.08/turn

%: no passive effects
@: lethally poisoned (-1 -> -10), very quick
A: very small, no large weapons, unfitting armour, see invisible, speed 3
a: no special abilities


You were on level 1 of the Dungeon.
You visited 1 branch of the dungeon, and saw 1 of its levels.

You collected 22 gold pieces.


Innate Abilities, Weirdness & Mutations

You are very small and have problems with some larger weapons.
You are too small for most types of armour.
You have supernaturally acute eyesight. (SInv)
You cover ground extremely quickly. (Speed+++)


   Skills:
 - Level 1.5 Fighting
 + Level 4.4 Ranged Weapons
 - Level 4.0 Dodging
 - Level 1.5 Stealth


You had one spell level left.
You didn't know any spells.
Your spell library was empty.

Inventory:

Hand Weapons
 a - a +0 shortbow (weapon)
Armour
 c - a +0 robe (worn)

Dungeon Overview and Level Annotations

Branches:
Dungeon (1/15)

Altars:


Message History

You feel your willpower return.
Done waiting.
Done exploring.
984 ||| READING scroll labelled YHEMYJIHOL.
The air fills with toxic fumes!
As you read the scroll labelled YHEMYJIHOL, it crumbles to dust.
It was a scroll of poison.
Done exploring.
985 ||| DROPPING scroll of butterflies.
You drop a scroll of butterflies.
Done exploring.
986 ||| DROPPING 2 potions of ambrosia.
You drop 2 potions of ambrosia.
Done exploring.
What level of the Dungeon? (default 1, ? - help) Sorry, I don't know how to get there.
Enter note:
Enter note:
Enter note:
Enter note:
Enter note:
Enter note: You are engulfed in poison gas.
You are lethally poisoned!
You feel very sick.
988 ||| Stepping ~*~*~tactically~*~*~ (cloud).
You feel sick.
Things that are here:
2 potions of ambrosia; a scroll of butterflies
989 ||| DRINKING potion of curing.
You feel better.
989 ||| (to cure poison)
You are engulfed in poison gas.
You are lethally poisoned!
You feel very sick.
991 ||| Stepping ~*~*~tactically~*~*~ (cloud).
You feel sick.
Things that are here:
2 potions of ambrosia; a scroll of butterflies
There is a lethal amount of poison in your body!
You feel sick.
There is a lethal amount of poison in your body!
You die...

#..#...#...#...#
#¤0#...#...#...####
#¤¤##'##...#...##.##
#0¤#..###..#...#...#
#00#....#'##...#...#
#0¤##......##'###'##
#¤0####...........##
#¤¤########.........
#¤¤@¤0¤000######....
#¤######### #####
#.# #.. #.# #.. #.#
##############..
#.###......%...)....
#.....############.#
####### #.. ###


There were no monsters in sight!

Vanquished Creatures
  4 bats (D:1)
  2 endoplasms (D:1)
  2 giant cockroaches (D:1)
  3 hobgoblins (D:1)
  2 quokkas (D:1)
  2 ball pythons (D:1)
  A frilled lizard (D:1)
  3 goblins (D:1)
  4 kobolds (D:1)
  A rat (D:1)
24 creatures vanquished.

Notes
Turn   | Place    | Note
-------+----------+-------------------------------------------
     0 | D:1      | qw the Spriggan Hunter began the quest for the Orb.
     0 | D:1      | Reached XP level 1. HP: 10/10 MP: 2/2
     0 | D:1      | 0 ||| qw: Version: 0.3-a-155-g5e7d8dd
     0 | D:1      | 0 ||| qw: Game counter: 1882
     0 | D:1      | 0 ||| qw: Melee chars always use a shield: true
     0 | D:1      | 0 ||| qw: God list: Okawaru
     0 | D:1      | 0 ||| qw: Allow faded altars: false
     0 | D:1      | 0 ||| qw: Do Orc after clearing Dungeon:15 true
     0 | D:1      | 0 ||| qw: Do second Lair branch before Depths: true
     0 | D:1      | 0 ||| qw: Lair rune preference: random
     0 | D:1      | 0 ||| qw: Goals: Normal
     0 | D:1      | 0 ||| PLANNING D:1-11
    91 | D:1      | Reached skill level 3 in Dodging
   179 | D:1      | Reached XP level 2. HP: 14/14 MP: 3/3
   881 | D:1      | 881 ||| READING 2 scrolls labelled HOERCH OC CAOMAXKA.
   881 | D:1      | 881 ||| IDENTIFYING white potion
   882 | D:1      | 882 ||| READING scroll of identify.
   882 | D:1      | 882 ||| IDENTIFYING 2 fizzy pink potions
   883 | D:1      | 883 ||| READING scroll labelled OBOISCH XUDUGG.
   984 | D:1      | 984 ||| READING scroll labelled YHEMYJIHOL.
   985 | D:1      | 985 ||| DROPPING scroll of butterflies.
   986 | D:1      | 986 ||| DROPPING 2 potions of ambrosia.
   988 | D:1      | 988 ||| Stepping ~*~*~tactically~*~*~ (cloud).
   989 | D:1      | 989 ||| DRINKING potion of curing.
   989 | D:1      | 989 ||| (to cure poison)
   991 | D:1      | 991 ||| Stepping ~*~*~tactically~*~*~ (cloud).
   992 | D:1      | HP: 2/14 [poisoned by you (poison gas)]
   993 | D:1      | Succumbed to their own poison gas

Levels and vault maps discovered:
D:1:      dpeg_arrival_water_fire, layout_loops_ring, minmay_tiny_reverse_x

Skill      XL: |  1  2 |
---------------+-------+-----
Dodging        | 3 4 |  4.0
Fighting       | |  1.5
Ranged Weapons | |  4.4
Stealth        | |  1.5

Action                     || total
---------------------------++-------
   Fire: Shortbow          ||    65
    Use: Scroll            ||     4
         Potion            ||     1
 Armour: Robe              ||     8
  Dodge: Dodged            ||    26

Table legend:
 A = Non-vault XP
 B = Vault XP
 C = Vault XP percentage of total XP
 D = Non-vault monster count
 E = Vault monster count
 F = Vault count percentage of total count
                 A         B        C        D         E       F
            +---------+---------+-------+---------+---------+-------
      Total |      34 |       4 |  10.5 |      22 |       2 |   8.3
            +---------+---------+-------+---------+---------+-------
        D:1 |      34 |       4 |  10.5 |      22 |       2 |   8.3
            +---------+---------+-------+---------+---------+-------
